 Dungeon Crawl Stone Soup version 0.22.0-38-g04b72b8 (webtiles) character file.

130972 Inarius the Severer (level 16, -6/122 HPs)
             Began as a Demonspawn Gladiator on Aug 30, 2018.
             Was the Champion of Hepliaklqana.
             Mangled by an Ice Fiend (14 damage)
             ... in an ice cave.
             The game lasted 01:14:37 (33189 turns).

Inarius the Severer (Demonspawn Gladiator)         Turns: 33189, Time: 01:14:41

Health: -6/122     AC: 31    Str: 25    XL:     16   Next: 54%
Magic:  23/23      EV: 10    Int:  6    God:    Hepliaklqana [******]
Gold:   1512       SH: 12    Dex: 16    Spells: 15/15 levels left

rFire    + . .     SeeInvis +   F - +7 broad axe (flame)
rCold    + + .     Gourm    .   U - +2 shield
rNeg     . . .     Faith    .   k - +10 chain mail of Protective Custody {rElec rF+ Int-4 Slay+2}
rPois    +         Spirit   .   (helmet unavailable)
rElec    +         Reflect  .   g - +2 cloak
rCorr    +         Harm     .   i - +2 pair of gloves
MR       ++...                  (no boots)
Stlth    ..........             (no amulet)
HPRegen  0.30/turn              j - +5 ring of strength
MPRegen  0.18/turn              B - ring of ice

@: resistant
A: reduced essence, antennae 3, talons 1, molten scales 2, magic resistance 1,
powered by pain 3, spiny 3
a: Recall Ancestor, Ancestor Identity, Transference, Idealise, Renounce Religion


You were in an ice cave.
You worshipped Hepliaklqana.
Hepliaklqana was exalted by your worship.
You were not hungry.

You visited 5 branches of the dungeon, and saw 26 of its levels.
You also visited: Sewer, Bailey, Ice Cave and Volcano.

You collected 2699 gold pieces.
You spent 1187 gold pieces at shops.

Inventory:

Hand Weapons
 a - a +5 executioner's axe of flaming
 F - a +7 broad axe of flaming (weapon)
Missiles
 d - 3 throwing nets (quivered)
 H - 17 javelins of returning
Armour
 g - a +2 cloak (worn)
 i - a +2 pair of gloves (worn)
 k - the +10 chain mail of Protective Custody (worn) {rElec rF+ Int-4 Slay+2}
   (You found it on level 7 of the Dungeon)

   It affects your intelligence (-4).
   It affects your accuracy and damage with ranged weapons and melee attacks
   (+2).
   It protects you from fire.
   It insulates you from electricity.
 G - a +0 plate armour
 J - the +2 ring mail of Vekuas {+Blink rElec rN++}
   (You found it on level 4 of the Lair of Beasts)

   It insulates you from electricity.
   It greatly protects you from negative energy.
   It lets you blink.
 U - a +2 shield (worn)
 V - a +0 buckler
Jewellery
 j - a +5 ring of strength (left hand)
 t - an uncursed ring of poison resistance
 v - a +3 ring of intelligence
 B - a ring of ice (right hand)
 C - an uncursed ring of protection from magic
 I - the ring "Unnoyluuru" {rCorr Stlth+}
   (You took it off an orc in a bailey)

   [ring of resist corrosion]

   It makes you more stealthy.
 S - the ring "Wohuniu" {rElec AC+3 Int+2}
   (You found it on level 14 of the Dungeon)

   [ring of protection]

   It affects your AC (+3).
   It affects your intelligence (+2).
   It insulates you from electricity.
Wands
 b - a wand of disintegration (9)
 c - a wand of paralysis (20)
 x - a wand of random effects (29)
 D - a wand of flame (65)
 R - a wand of scattershot (15)
Scrolls
 p - 2 scrolls of immolation
 q - 8 scrolls of teleportation
 r - 7 scrolls of remove curse
 s - 2 scrolls of amnesia
 y - 4 scrolls of magic mapping
 z - 2 scrolls of enchant armour
 L - 3 scrolls of fog
 M - 2 scrolls of fear
 P - 5 scrolls of identify
Potions
 e - 3 potions of berserk rage
 l - a potion of ambrosia
 m - 2 potions of magic
 n - 2 potions of might
 o - 3 potions of brilliance
 w - 4 potions of agility
 A - 3 potions of cancellation
 N - 9 potions of flight
 Q - 3 potions of mutation
 T - 5 potions of curing
Miscellaneous
 u - a phial of floods
 O - a phantom mirror
Comestibles
 f - 55 rations


   Skills:
 * Level 15.2 Fighting
   Level 4.5 Long Blades
 + Level 17.1 Axes
 - Level 1.7 Throwing
 + Level 10.6 Armour
 + Level 6.1 Dodging
 + Level 4.6 Shields
 + Level 10.1 Invocations
 * Level 5.9 Evocations


You had 15 spell levels left.
You didn't know any spells.
Your spell library contained the following spells:

 Spells                   Type           Power        Failure   Level  Hunger
 Animate Skeleton         Necr           N/A          100%        1    ##.....
 Apportation              Tloc           #.....       100%        1    ##.....
 Confusing Touch          Hex            #.....       100%        1    ##.....
 Freeze                   Ice            #...         100%        1    ##.....
 Magic Dart               Conj           #...         100%        1    ##.....
 Sandblast                Erth           #.....       100%        1    ##.....
 Shock                    Conj/Air       #...         100%        1    ##.....
 Summon Small Mammal      Summ           #...         100%        1    ##.....
 Blink                    Tloc           N/A          100%        2    ###....
 Call Imp                 Summ           #.......     100%        2    ###....
 Corpse Rot               Necr           N/A          100%        2    ###....
 Passwall                 Tmut/Erth      #.......     100%        2    ###....
 Searing Ray              Conj           #.....       100%        2    ###....
 Slow                     Hex            #.......     100%        2    ###....
 Swiftness                Chrm/Air       #.......     100%        2    ###....
 Throw Frost              Conj/Ice       #.....       100%        2    ###....
 Conjure Flame            Conj/Fire      #.......     100%        3    ####...
 Dazzling Spray           Conj/Hex       #.....       100%        3    ####...
 Mephitic Cloud           Conj/Pois/Air  #.......     100%        3    ####...
 Ozocubu's Armour         Chrm/Ice       #.......     100%        3    ####...
 Static Discharge         Conj/Air       #.......     100%        3    ####...
 Stone Arrow              Conj/Erth      #.....       100%        3    ####...
 Airstrike                Air            #.........   100%        4    #####..
 Force Lance              Conj/Tloc      #.......     100%        4    #####..
 Fulminant Prism          Conj/Hex       #.........   100%        4    #####..
 Iskenderun's Mystic Bla  Conj           #.......     100%        4    #####..
 Leda's Liquefaction      Hex/Erth       #.........   100%        4    #####..
 Petrify                  Tmut/Erth      #.......     100%        4    #####..
 Summon Ice Beast         Ice/Summ       #.......     100%        4    #####..
 Summon Lightning Spire   Summ/Air       #.......     100%        4    #####..
 Throw Icicle             Conj/Ice       #.......     100%        4    #####..
 Borgnjor's Vile Clutch   Necr/Erth      #.........   100%        5    ######.
 Lightning Bolt           Conj/Air       #.........   100%        5    ######.
 Silence                  Hex/Air        #.........   100%        5    ######.
 Summon Forest            Summ/Tloc      #.........   100%        5    ######.
 Conjure Ball Lightning   Conj/Air       #.........   100%        6    #######
 Deflect Missiles         Chrm/Air       #.........   100%        6    #######
 Hydra Form               Tmut           #.........   100%        6    #######
 Statue Form              Tmut/Erth      #........    100%        6    #######
 Summon Hydra             Summ           #.........   100%        7    #######
 Tornado                  Air            #.........   100%        9    #######


Dungeon Overview and Level Annotations

Branches:
Dungeon (15/15)            Temple (1/1) D:4            Lair (6/6) D:9
 Shoals (0/4) Lair:3        Snake (2/4) Lair:2        Slime (0/5) Lair:5
    Orc (2/2) D:10            Elf (0/3) Orc:2        Vaults (0/5) D:14
 Depths (0/5) D:15

Altars:
Ashenzari
Cheibriados
Fedhas
Hepliaklqana
Kikubaaqudgha
Makhleb
Okawaru
Qazlal
Ru
Uskayaw
Vehumet
Wu Jian
Yredelemnul
Zin
Beogh
Jiyva

Shops:
D:8 ?   Orc:2 (}:!

Annotations:
D:10 1 runed door
Snake:2 1 runed door, torrenera's ghost, journeyman GnIE


Innate Abilities, Weirdness & Mutations

You have a pair of large antennae on your head. (SInv)
You are mostly covered in molten scales. (AC +3)
You are powered by pain.
You are completely covered in sharp spines.
Your life essence is reduced to manifest your ancestor. (-10% HP)
You have sharp toenails.
You are resistant to hostile enchantments. (MR+)


Message History

* * * LOW HITPOINT WARNING * * *
The Ice Fiend gestures at you. The bolt of cold hits you! You resist.
* * * LOW HITPOINT WARNING * * *
The bolt of cold hits Njabulo.
Njabulo resists.
You hit the Ice Fiend. You burn the Ice Fiend.
You claw the Ice Fiend, but do no damage.
The Ice Fiend is lightly wounded.
The Ice Fiend calls on the powers of darkness!
Your body is wracked with pain!
* * * LOW HITPOINT WARNING * * *
You feel much better.
Njabulo hits the Ice Fiend with a dagger of draining!
The Ice Fiend is struck by your spines. The Ice Fiend claws you!
* * * LOW HITPOINT WARNING * * *
The Ice Fiend freezes you! You resist.
* * * LOW HITPOINT WARNING * * *
The Ice Fiend claws you!
You die...

##...## §1 ##..∩..##
###1# #.......# §§§§
#...∩...# 4§§ ##.....##
#4§ ##...## #§§§ #####
##...# ...
##§§#§§###...## #...##
..... ...#§§§1@....##
#...##
.....##......##R.....#
##...##
{......##......###....#
##...#
......§#....§§..#....#
##..#
#.≈..§§####§§##.....##
##..##
#..§§.§§..##....###
#..## #§§§§.§.§...###
####..####
##§§§§§.§####
###.#....#.#
###.§§######
###..........#


You could see the friendly Njabulo the hexer and an Ice Fiend.

Vanquished Creatures
  Rupert (D:12)
  An Ice Fiend (IceCv)
  Kirke (Lair:5)
  A nagaraja (Snake:1)
  A red draconian (Volcano)
  An ettin (Orc:2)
  Josephine (D:11)
  An ice dragon (Snake:2)
  3 vault guards (D:14)
  4 hydras
  4 naga warriors
  6 anacondas
  4 centaur warriors
  7 two-headed ogres
  An ogre mage (D:15)
  2 tengu warriors (D:15)
  A queen ant (D:9)
  A death knight (D:14)
  2 death yaks (Lair:3)
  3 orc high priests
  3 naga sharpshooters (Snake:1)
  2 shock serpents
  Urug (Lair:3)
  Nergalle (Lair:3)
  4 skeletal warriors
  An unseen horror (D:15)
  A deep elf archer (D:15)
  A wizard (D:15)
  3 naga ritualists (Snake:1)
  8 orc knights
  A wolf spider (Lair:6)
  4 oklob plants (Lair:5)
  5 mana vipers
  3 ugly things (D:14)
  3 deep elf magi
  A manticore (D:14)
  7 slime creatures (D:15)
  5 orc sorcerers
  A salamander (Snake:1)
  11 elephants
  2 cyclopes
  20 black mambas
  Joseph (D:8)
  Maurice (D:11)
  2 guardian serpents
  A molten gargoyle (Volcano)
  3 naga magi
  2 ice statues (IceCv)
  14 spiny frogs
  A gargoyle (Volcano)
  2 centaur skeletons
  7 komodo dragons
  12 ice devils (IceCv)
  4 rime drakes
  3 yaktaurs (Volcano)
  2 efreet
  A tengu conjurer (D:14)
  A queen bee (D:11)
  A harpy skeleton (D:15)
  4 hornets
  5 trolls
  A hippogriff (shapeshifter) (D:14)
  9 blink frogs
  9 hippogriffs
  Sigmund (D:6)
  A redback (Lair:6)
  A shadow (D:14)
  5 wraiths
  7 hogs (Lair:5)
  Grum (D:10)
  A basilisk (Lair:1)
  16 wyverns
  A yak (shapeshifter) (D:15)
  18 yaks
  A steam dragon (D:11)
  3 hungry ghosts
  A vampire mosquito (D:6)
  4 fire bats (Volcano)
  A soldier ant (shapeshifter) (D:14)
  6 nagas (Snake:1)
  5 soldier ants (D:9)
  A warg (Orc:1)
  2 acid dragons
  7 porcupines
  Duvessa (D:7)
  18 water moccasins
  2 sky beasts
  5 ice beasts
  34 orc warriors
  4 black bears
  2 eyes of draining
  2 phantoms
  12 wolves
  Purgy (Sewer)
  A necrophage (D:13)
  23 centaurs
  13 ogres
  11 crocodiles
  A big kobold (D:12)
  13 bullfrogs
  A wyvern zombie (D:8)
  Dowan (D:7)
  A water moccasin zombie (D:11)
  2 wyvern skeletons
  3 scorpions
  3 wights (D:8)
  46 killer bees
  A troll zombie (D:10)
  7 howler monkeys
  4 electric eels
  8 crimson imps
  A centaur zombie (D:6)
  6 lava snakes (Volcano)
  11 hounds
  4 jellies
  2 bullfrog zombies
  14 orc priests
  25 orc wizards
  2 bullfrog skeletons (D:12)
  2 iguanas
  Jessica (D:2)
  4 hell rats (Lair:3)
  25 worker ants
  7 ogre zombies (D:10)
  3 hound skeletons
  2 worker ant zombies
  8 gnolls
  A howler monkey skeleton (D:7)
  3 river rats (D:3)
  11 adders
  A shadow imp (D:5)
  5 white imps (IceCv)
  6 ufetubi (IceCv)
  3 oozes
  An adder zombie (D:5)
  3 adder skeletons
  3 worms (D:3)
  A dart slug (D:3)
  8 leopard geckos
  95 orcs
  2 giant cockroaches
  2 goblins
  8 hobgoblins
  13 jackals
  15 kobolds
  5 quokkas
  14 bats
  2 frilled lizards
  A goblin zombie (D:10)
  A hobgoblin zombie (D:10)
  2 orc skeletons (D:10)
  19 orc zombies (D:10)
  7 rats
  A fungus (Lair:6)
  11 plants
884 creatures vanquished.

Vanquished Creatures (collateral kills)
  Roxanne (D:14)
  Fannar (D:11)
  A vault guard (D:14)
  A two-headed ogre (D:15)
  An orc high priest (Orc:2)
  A death yak (Lair:3)
  An ugly thing (D:14)
  An orc sorcerer (Orc:2)
  A cyclops (D:15)
  A mana viper (Snake:1)
  3 elephants (Lair:6)
  A centaur zombie (D:14)
  3 trolls
  A slime creature (D:15)
  2 hippogriffs
  A wyvern (Lair:6)
  A hungry ghost (D:12)
  A fire bat (Volcano)
  2 yaks (Lair:5)
  A yak (shapeshifter) (D:13)
  A water moccasin (Lair:1)
  A warg (Orc:2)
  3 soldier ants (D:9)
  6 orc warriors
  A sky beast (D:5)
  2 ogres (Orc:2)
  5 centaurs
  3 crocodiles
  3 killer bees
  A howler monkey (D:10)
  2 lava snakes (Volcano)
  3 orc priests
  4 orc wizards
  5 worker ants
  9 orcs
  A jackal (D:8)
  2 orc zombies (D:10)
  A plant (Lair:5)
79 creatures vanquished.

Vanquished Creatures (others)
  A cyclops (D:13)
  A sky beast (D:9)
  An orc wizard (D:9)
  15 hexers
  2 ancestors
  2 white imps (IceCv)
  4 ufetubi (IceCv)
  An adder zombie (D:9)
  2 orcs (D:9)
  23 fungi (Lair:6)
  35 plants
87 creatures vanquished.

Grand Total: 1050 creatures vanquished

Notes
Turn   | Place    | Note
-------+----------+-------------------------------------------
     0 | D:1      | Inarius the Demonspawn Gladiator began the quest for the Orb.
     0 | D:1      | Reached XP level 1. HP: 16/16 MP: 1/1
   108 | D:1      | Gained mutation: You have a pair of small antennae on your head. [demonic ancestry]
   108 | D:1      | Reached XP level 2. HP: 18/22 MP: 2/2
   761 | D:1      | Reached XP level 3. HP: 23/27 MP: 3/3
   880 | D:2      | Found a faded altar of an unknown god.
  1521 | D:2      | Reached skill level 1 in Armour
  1548 | D:2      | Reached XP level 4. HP: 7/34 MP: 4/4
  1872 | D:2      | Noticed Jessica
  1879 | D:2      | Killed Jessica
  2101 | D:3      | Found a hide-covered altar of Uskayaw.
  2432 | D:3      | Gained mutation: You are partially covered in molten scales. (AC +2) [demonic ancestry]
  2432 | D:3      | Reached XP level 5. HP: 32/39 MP: 5/5
  2455 | D:3      | Found a glowing drain.
  2462 | Sewer    | Entered a sewer
  2507 | Sewer    | Noticed Purgy
  2530 | Sewer    | Killed Purgy
  2817 | D:3      | Gained mutation: You are partially covered in sharp spines. [demonic ancestry]
  2817 | D:3      | Reached XP level 6. HP: 35/46 MP: 6/6
  3283 | D:4      | Found a staircase to the Ecumenical Temple.
  3297 | Temple   | Entered the Ecumenical Temple
  3310 | Temple   | Became a worshipper of Hepliaklqana the Forgotten
  3501 | D:4      | Reached skill level 1 in Axes
  3606 | D:5      | Entered Level 5 of the Dungeon
  3611 | D:5      | Reached skill level 1 in Invocations
  3634 | D:5      | Reached skill level 2 in Axes
  3782 | D:5      | Gained mutation: You sometimes gain a little power by taking damage. [demonic ancestry]
  3782 | D:5      | Reached XP level 7. HP: 34/46 MP: 8/8
  3788 | D:5      | Reached skill level 3 in Axes
  4446 | D:5      | Found a shattered altar of Ashenzari.
  4452 | D:5      | Reached skill level 4 in Axes
  4604 | D:6      | Reached XP level 8. HP: 54/54 MP: 10/10
  4668 | D:6      | Reached skill level 5 in Axes
  5177 | D:6      | Reached skill level 6 in Axes
  5196 | D:6      | Reached * piety under Hepliaklqana
  5434 | D:6      | Found a sacrificial altar of Ru.
  5459 | D:6      | Noticed Sigmund
  5477 | D:6      | Killed Sigmund
  5477 | D:6      | Reached skill level 7 in Axes
  5477 | D:6      | Gained mutation: You are mostly covered in sharp spines. [demonic ancestry]
  5477 | D:6      | Reached XP level 9. HP: 59/59 MP: 12/12
  6304 | D:7      | Reached skill level 8 in Axes
  6456 | D:7      | Noticed Dowan
  6461 | D:7      | Noticed Duvessa
  6475 | D:7      | Killed Duvessa
  6484 | D:7      | Killed Dowan
  6691 | D:7      | You fall through a shaft for 3 floors!
  6691 | D:10     | Entered Level 10 of the Dungeon
  6691 | D:10     | Found a staircase to the Orcish Mines.
  6691 | D:10     | Noticed an orc sorcerer
  6700 | D:10     | Reached skill level 5 in Invocations
  6701 | D:10     | Noticed a two-headed ogre
  6721 | D:10     | Killed a two-headed ogre
  6721 | D:10     | Reached skill level 5 in Fighting
  6721 | D:10     | Reached skill level 9 in Axes
  7136 | D:10     | Gained mutation: You are mostly covered in molten scales. (AC +3) [demonic ancestry]
  7136 | D:10     | Reached XP level 10. HP: 49/66 MP: 14/14
  7299 | D:10     | Reached skill level 1 in Evocations
  7304 | D:10     | Reached skill level 5 in Armour
  7808 | D:10     | Noticed a two-headed ogre
  7811 | D:10     | Noticed Grum
  7815 | D:10     | Killed a two-headed ogre
  7815 | D:10     | Reached skill level 10 in Axes
  7822 | D:10     | Killed Grum
  7932 | D:10     | Reached ** piety under Hepliaklqana
  7933 | D:10     | Remembered your ancestor Njabulo as a hexer
  7977 | D:8      | Found a flagged portal.
  8006 | Bailey   | Entered a bailey
  9384 | Bailey   | Reached XP level 11. HP: 53/74 MP: 16/16
  9514 | Bailey   | Got a pitted tin ring
  9516 | Bailey   | Identified the ring "Unnoyluuru" {rCorr Stlth+} (You took it off an orc in a bailey)
 10130 | D:7      | Got a steaming chain mail
 10141 | D:7      | Identified the +10 chain mail of Protective Custody {rElec rF+ Int-4 Slay+2} (You found it on level 7 of the Dungeon)
 10262 | D:8      | Noticed a two-headed ogre
 10272 | D:8      | Killed a two-headed ogre
 10337 | D:8      | Found a burning altar of Makhleb.
 10406 | D:8      | Noticed Joseph
 10424 | D:8      | Killed Joseph
 10628 | D:8      | Found an iron altar of Okawaru.
 10657 | D:8      | Reached skill level 11 in Axes
 10674 | D:8      | Found a blossoming altar of Fedhas.
 10677 | D:8      | Found Heaskani's Magic Scroll Shop.
 10694 | D:8      | Bought a scroll of teleportation for 45 gold pieces
 10694 | D:8      | Bought a scroll of enchant weapon for 112 gold pieces
 10694 | D:8      | Bought a scroll of fear for 52 gold pieces
 10694 | D:8      | Bought a scroll of teleportation for 45 gold pieces
 10694 | D:8      | Bought a scroll of teleportation for 45 gold pieces
 10694 | D:8      | Bought a scroll of identify for 30 gold pieces
 10694 | D:8      | Bought a scroll of identify for 30 gold pieces
 10936 | D:9      | Noticed a queen ant
 10955 | D:9      | Killed a queen ant
 11573 | D:9      | Found an ancient bone altar of Kikubaaqudgha.
 11638 | D:9      | Found a staircase to the Lair.
 11739 | D:9      | Reached *** piety under Hepliaklqana
 11760 | D:9      | Found a glowing silver altar of Zin.
 12133 | D:10     | Noticed a soul eater
 12143 | D:10     | Reached skill level 12 in Axes
 12146 | D:10     | Killed an orc sorcerer
 12503 | D:10     | Found a runed door.
 12503 | D:10     | Noticed a frost giant
 12503 | D:10     | Noticed a deep troll earth mage
 12503 | D:10     | Noticed a deep elf mage
 12505 | D:10     | Noticed a harpy
 12505 | D:10     | Noticed a deep elf mage
 12505 | D:10     | Noticed a war gargoyle
 12505 | D:10     | Noticed an ettin
 12674 | D:11     | Found a basalt altar of Yredelemnul.
 12729 | D:11     | Gained mutation: You are completely covered in sharp spines. [demonic ancestry]
 12729 | D:11     | Reached XP level 12. HP: 71/82 MP: 18/18
 13088 | D:11     | Noticed Josephine
 13102 | D:11     | Killed Josephine
 13759 | D:11     | Noticed Fannar
 13781 | D:11     | Killed Fannar
 13852 | D:11     | Noticed Maurice
 13861 | D:11     | Killed Maurice
 13884 | D:11     | Found an iron altar of Okawaru.
 13885 | D:11     | Paralysed by a hornet for 2 turns
 13888 | D:11     | Reached skill level 13 in Axes
 14514 | D:12     | Noticed Rupert
 14540 | D:12     | HP: 2/84 [Rupert/great mace of draining (9)]
 14552 | D:12     | Gained mutation: You have sharp toenails. [potion of mutation]
 14552 | D:12     | Gained mutation: You are resistant to hostile enchantments. (MR+) [potion of mutation]
 14553 | D:12     | Killed Rupert
 15236 | Lair:1   | Entered Level 1 of the Lair of Beasts
 15295 | Lair:1   | Reached skill level 5 in Dodging
 15700 | Lair:1   | Found a blossoming altar of Fedhas.
 15702 | Lair:1   | Reached **** piety under Hepliaklqana
 16299 | Lair:1   | Noticed an eight-headed hydra
 16301 | Lair:1   | Gained mutation: You have a pair of antennae on your head. [demonic ancestry]
 16301 | Lair:1   | Reached XP level 13. HP: 86/90 MP: 20/20
 16432 | Lair:2   | Reached skill level 14 in Axes
 16457 | Lair:2   | Found a dark tunnel.
 16461 | Lair:2   | Identified a scroll of acquirement
 16636 | Volcano  | Entered a volcano
 17035 | Volcano  | Found a radiant altar of Vehumet.
 17039 | Volcano  | Reached skill level 10 in Invocations
 17178 | Volcano  | Noticed a red draconian
 17186 | Volcano  | Killed a red draconian
 17284 | Lair:2   | Found a staircase to the Snake Pit.
 17687 | Lair:2   | Reached skill level 10 in Fighting
 17956 | Lair:3   | Found a staircase to the Shoals.
 17958 | Lair:3   | Reached ***** piety under Hepliaklqana
 18239 | Lair:3   | Noticed Nergalle
 18309 | Lair:3   | Killed Nergalle
 18425 | Lair:3   | Noticed Urug
 18431 | Lair:3   | Killed Urug
 18499 | Lair:3   | Reached skill level 15 in Axes
 19110 | Lair:4   | Got a scorched ring mail
 19128 | Lair:4   | Identified the +2 ring mail of Vekuas {+Blink rElec rN++} (You found it on level 4 of the Lair of Beasts)
 19771 | Lair:5   | Found a staircase to the Slime Pits.
 19771 | Lair:5   | Found a viscous altar of Jiyva.
 19823 | Lair:5   | Noticed Kirke
 19838 | Lair:5   | Killed Kirke
 19838 | Lair:5   | Gained mutation: You have a pair of large antennae on your head. (SInv) [demonic ancestry]
 19838 | Lair:5   | Reached XP level 14. HP: 60/101 MP: 21/21
 21032 | Lair:6   | Entered Level 6 of the Lair of Beasts
 21167 | Lair:6   | Reached ****** piety under Hepliaklqana
 24927 | Orc:1    | Entered Level 1 of the Orcish Mines
 25006 | Orc:2    | Entered Level 2 of the Orcish Mines
 25044 | Orc:1    | Reached skill level 1 in Shields
 25901 | Orc:2    | Found a roughly hewn altar of Beogh.
 26017 | Orc:1    | Found a radiant altar of Vehumet.
 26098 | Orc:2    | Found a staircase to the Elven Halls.
 26358 | Orc:2    | Gained mutation: You sometimes gain power by taking damage. [demonic ancestry]
 26358 | Orc:2    | Reached XP level 15. HP: 104/111 MP: 22/22
 26902 | Orc:2    | Found Lidd's Distillery.
 26902 | Orc:2    | Found Evept's Antique Weapon Boutique.
 26903 | Orc:2    | Found Igaqeb's Book Shoppe.
 26903 | Orc:2    | Found Miwkeo's Gadget Shoppe.
 26925 | Orc:2    | Bought a potion of heal wounds for 90 gold pieces
 26925 | Orc:2    | Bought a potion of mutation for 144 gold pieces
 26925 | Orc:2    | Bought a potion of mutation for 144 gold pieces
 26925 | Orc:2    | Bought a potion of agility for 72 gold pieces
 26925 | Orc:2    | Bought a potion of mutation for 144 gold pieces
 26925 | Orc:2    | Bought a potion of curing for 54 gold pieces
 26925 | Orc:2    | Bought a potion of resistance for 180 gold pieces
 27157 | D:14     | Found a gate to the Vaults.
 27723 | D:14     | Got a bound golden ring
 27725 | D:14     | Identified the ring "Wohuniu" {rElec AC+3 Int+2} (You found it on level 14 of the Dungeon)
 28008 | D:14     | You fall through a shaft!
 28008 | D:15     | Entered Level 15 of the Dungeon
 28351 | D:14     | Noticed Roxanne
 28528 | D:14     | Killed Roxanne
 28528 | D:14     | Reached skill level 10 in Armour
 28529 | D:14     | Identified Roxanne's Handbook of Clay (You took it off Roxanne on level 14 of the Dungeon)
 28870 | D:15     | Reached skill level 16 in Axes
 30057 | D:15     | Found a staircase to the Depths.
 30111 | D:15     | Found a shattered altar of Ashenzari.
 30590 | Snake:1  | Entered Level 1 of the Snake Pit
 30766 | Snake:1  | Noticed a nagaraja
 30772 | Snake:1  | Killed a nagaraja
 30772 | Snake:1  | Gained mutation: You are powered by pain. [demonic ancestry]
 30772 | Snake:1  | Reached XP level 16. HP: 120/120 MP: 23/23
 31539 | Snake:1  | Reached skill level 5 in Evocations
 31843 | Snake:1  | Reached skill level 15 in Fighting
 32171 | Snake:2  | Found a runed door.
 32174 | Snake:2  | Noticed torrenera's ghost (journeyman GnIE)
 32186 | Snake:2  | Reached skill level 17 in Axes
 32213 | Snake:2  | Found a frozen archway.
 32225 | IceCv    | Entered an ice cave
 33130 | IceCv    | Noticed an Ice Fiend
 33130 | IceCv    | Noticed an Ice Fiend
 33151 | IceCv    | Killed an Ice Fiend
 33189 | IceCv    | Mangled by an Ice Fiend

Skill      XL: |  1  2  3  4  5  6  7  8  9 10 11 12 13 14 15 16 |
---------------+-------------------------------------------------+-----
Long Blades    | 3 4 |  4.5
Dodging        | 3 4 5 6 |  6.1
Armour         | 1 2 3 4 5 6 7 8 9 10 | 10.6
Fighting       | 3 4 5 6 8 9 11 13 14 15 | 15.2
Axes           | 2 4 7 9 10 12 13 15 16 17 | 17.1
Invocations    | 1 2 4 5 7 8 9 10 | 10.1
Evocations     | 1 2 4 5 |  5.9
Shields        | 1 3 4 |  4.6
Throwing       | |  1.7

Action                   |  1- 3 |  4- 6 |  7- 9 | 10-12 | 13-15 | 16-18 || total
-------------------------+-------+-------+-------+-------+-------+-------++-------
Melee: Long sword        |   103 |   137 |       |       |       |       ||   240
       War axe           |       |    43 |   134 |       |       |       ||   177
       Broad axe         |       |       |    75 |   646 |   125 |   174 ||  1020
       Kick              |       |       |       |    18 |   282 |    73 ||   373
       Executioner's axe |       |       |       |       |   604 |       ||   604
Throw: Javelin           |       |       |       |     4 |       |       ||     4
       Throwing net      |       |       |       |     4 |       |       ||     4
Invok: Recall Ancestor   |       |       |     1 |     1 |     3 |     1 ||     6
       Ancestor Life: He |       |       |       |     1 |       |       ||     1
Evoke: Wand              |       |       |     5 |    26 |     6 |       ||    37
       Phantom mirror    |       |       |       |     1 |       |       ||     1
  Use: Scroll            |     2 |     6 |     9 |    12 |    23 |     2 ||    54
       Potion            |       |     1 |     1 |     8 |     3 |     5 ||    18
 Stab: Sleeping          |     1 |       |       |       |       |       ||     1
       Paralysed         |       |       |     6 |     2 |     3 |     2 ||    13
       Distracted        |       |       |     1 |     6 |    10 |       ||    17
       Confused          |       |       |       |     5 |     3 |       ||     8
  Eat: Chunk             |     2 |     8 |    10 |    33 |    40 |       ||    93
       Ration            |       |       |       |     1 |     2 |     3 ||     6
Armor: Leather armour    |    33 |    23 |       |       |       |       ||    56
       Skin              |       |    49 |       |       |       |       ||    49
       Ring mail         |       |    40 |       |       |       |       ||    40
       Chain mail        |       |     9 |    88 |   303 |   524 |    65 ||   989
       Plate armour      |       |       |    64 |    93 |       |       ||   157
Dodge: Dodged            |    81 |   135 |   103 |   328 |   407 |    45 ||  1099
Block: Buckler           |       |       |       |    11 |     1 |       ||    12
       Shield            |       |       |       |       |    52 |    78 ||   130
       Rpst.: Long sword |    29 |    33 |       |       |       |       ||    62
